 Dungeon Crawl Stone Soup version 0.28.0-43-g3370ac3207 (webtiles) character file.

Game seed: 10958770015013078349

3598 pkoi the Martial Artist (level 9, -1/70 HPs)
             Began as a Pale Draconian Monk on Mar 18, 2022.
             Was a Believer of Hepliaklqana.
             Slain by a vampire mosquito (5 damage)
             ... on level 7 of the Dungeon.
             The game lasted 00:11:14 (7380 turns).

pkoi the Martial Artist (Pale Draconian Monk)       Turns: 7380, Time: 00:11:14

Health: -1/70      AC:  8    Str: 13    XL:     9   Next: 85%
Magic:  24/24      EV: 12    Int: 15    God:    Hepliaklqana [**....]
Gold:   316        SH:  0    Dex: 14    Spells: 17/17 levels left

rFire   . . .      SeeInvis .   u - +1 whip (venom)
rCold   + . .      Faith    .   (no shield)
rNeg    . . .      Spirit   .   (armour unavailable)
rPois   .          Reflect  .   x - +0 hat
rElec   .          Harm     .   (no cloak)
rCorr   .          Rampage  .   (no gloves)
Will    .....                   n - +0 pair of boots
Stlth   ++........              d - amulet of regeneration
HPRegen 1.01/turn               f - ring of magical power
MPRegen 0.19/turn               k - ring of protection from cold

@: short of breath
A: reduced essence, breathe steam, AC +7, unfitting armour, cold-blooded, steam
resistance
a: Breathe Steam, Renounce Religion, Recall Ancestor, Ancestor Identity


You were on level 7 of the Dungeon.
You worshipped Hepliaklqana.
Hepliaklqana was pleased with you.
You visited 2 branches of the dungeon, and saw 9 of its levels.

You collected 316 gold pieces.

Inventory:

Hand Weapons
 u - a +1 whip of venom (weapon)
Missiles
 t - 11 poisoned darts (quivered)
Armour
 n - a +0 pair of boots (worn)
 x - a +0 hat (worn)
Jewellery
 d - an amulet of regeneration (around neck)
 f - a ring of magical power (left hand)
 g - a ring of flight
 k - a ring of protection from cold (right hand)
Wands
 v - a wand of iceblast (4)
 w - a wand of digging (6)
 y - a wand of flame (17)
Scrolls
 a - 6 scrolls of identify {unknown}
 b - a scroll of fear {unknown}
 h - 2 scrolls of vulnerability {unknown}
 l - 3 scrolls of teleportation {unknown}
 m - a scroll of torment {unknown}
 o - 2 scrolls of blinking {unknown}
 q - 3 scrolls of noise {unknown}
 r - a scroll of amnesia {unknown}
 s - 2 scrolls of fog {unknown}
Potions
 c - 2 potions of cancellation
 e - 2 potions of flight {unknown}
 i - 2 potions of mutation {unknown}
 j - a potion of haste {unknown}
 p - 2 potions of might {unknown}
 z - a potion of lignification {unknown}


   Skills:
 + Level 6.5 Fighting
 - Level 2.6 Dodging
 - Level 1.7 Stealth
 * Level 12.4 Unarmed Combat
 + Level 4.5 Spellcasting


You had 17 spell levels left.
You didn't know any spells.
Your spell library contained the following spells:

 Spells                   Type           Power      Damage    Failure   Level
 Apportation              Tloc           6%         N/A       17%         1
 Pain                     Necr           12%        1d4       17%         1
 Sandblast                Erth           6%         2d5       17%         1
 Summon Small Mammal      Summ           12%        N/A       17%         1
 Ensorcelled Hibernation  Hex/Ice        6%         N/A       26%         2
 Passwall                 Tmut/Erth      2%         N/A       26%         2
 Sublimation of Blood     Necr           3%         N/A       26%         2
 Wereblood                Tmut           3%         N/A       26%         2
 Call Canine Familiar     Summ           3%         N/A       45%         3
 Stone Arrow              Conj/Erth      6%         3d7       45%         3
 Summon Guardian Golem    Hex/Summ       3%         N/A       45%         3
 Swiftness                Air            3%         N/A       45%         3
 Agony                    Necr           3%         N/A       99%         5
 Alistair's Intoxication  Tmut/Pois      2%         N/A       99%         5
 Excruciating Wounds      Necr           1%         N/A       99%         5
 Summon Hydra             Summ           1%         N/A       100%        7


Dungeon Overview and Level Annotations

Branches:
Dungeon (8/15)             Temple (1/1) D:5
   Lair: D:8-11

Altars:
Ashenzari
Cheibriados
Dithmenos
Elyvilon
Fedhas
Gozag
Hepliaklqana
Makhleb
Nemelex Xobeh
Okawaru
Qazlal
Sif Muna
Trog
Uskayaw
Vehumet
Wu Jian
Xom
Yredelemnul
Zin
The Shining One

Shops:
D:1 (

Annotations:
D:8 2 transporters


Innate Abilities, Weirdness & Mutations

Your life essence is reduced to manifest your ancestor. (-10% HP)
You can breathe blasts of scalding, opaque steam.
Your pale cyan-grey scales are hard. (AC +7)
You cannot fit into any form of body armour.
You are cold-blooded and may be slowed by cold attacks.
You are immune to the effects of steam.


Message History

The vampire mosquito bites you!
* * * LOW HITPOINT WARNING * * *
The vampire mosquito draws strength from your injuries!
The vampire mosquito misses you.
You hit the vampire mosquito.
The vampire mosquito is severely damaged.
The vampire mosquito is engulfed in a cloud of scalding steam.
The vampire mosquito barely misses you.
The vampire mosquito bites you but does no damage.
The vampire mosquito is engulfed in a cloud of scalding steam. x2
The vampire mosquito misses you. The vampire mosquito bites you!
* * * LOW HITPOINT WARNING * * *
The vampire mosquito draws strength from your injuries!
The vampire mosquito is engulfed in a cloud of scalding steam.
The vampire mosquito is engulfed in a cloud of scalding steam.
The vampire mosquito misses you.
The vampire mosquito bites you but does no damage.
The vampire mosquito barely misses you. The vampire mosquito bites you!
* * * LOW HITPOINT WARNING * * *
The vampire mosquito draws strength from your injuries!
The vampire mosquito bites you!
* * * LOW HITPOINT WARNING * * *
The vampire mosquito draws strength from your injuries!
The vampire mosquito barely misses you. The vampire mosquito bites you.
* * * LOW HITPOINT WARNING * * *
The vampire mosquito draws strength from your injuries!
The vampire mosquito misses you.
There is a stone staircase leading up here.
The vampire mosquito barely misses you. The vampire mosquito bites you!
* * * LOW HITPOINT WARNING * * *
The vampire mosquito draws strength from your injuries!
You climb upwards.
There is a stone staircase leading down here.
Okay, then.
Unknown command.
It was a potion of cancellation.
You feel magically purged.
The vampire mosquito bites you but does no damage.
The vampire mosquito bites you.
You die...

####### ##.....#
###......#
###........#
#..........##########
#.#y@................
#.####...............
#.# #.#.############
#.# #.#.############
#.# #.#.............
#.# #.#.............
#.# #.#.#...........
#.# #.#.###.......##
#.# #.#.# ###...###.


You could see a vampire mosquito.

Vanquished Creatures
  A centaur zombie (D:6)
  Prince Ribbit (D:6)
  Sigmund (D:6)
  4 water moccasins
  An ice beast (D:6)
  An ogre (D:6)
  A necrophage (D:5)
  A sky beast (D:6)
  2 centaurs
  2 bullfrogs
  A scorpion (D:4)
  5 killer bees (D:7)
  A centaur skeleton (D:6)
  A jelly (D:6)
  2 hounds (D:5)
  An orc priest (D:7)
  3 iguanas
  A bullfrog skeleton (D:6)
  Ijyb (D:4)
  An orc wizard (D:7)
  A scorpion zombie (D:5)
  5 adders
  6 gnolls
  A white imp (D:5)
  An adder skeleton (D:4)
  4 dart slugs
  A worm (D:3)
  8 orcs
  5 bats
  6 endoplasms
  2 giant cockroaches
  12 goblins
  6 hobgoblins
  8 jackals
  5 quokkas
  5 ball pythons
  4 frilled lizards
  8 kobolds
  5 rats
125 creatures vanquished.

Vanquished Creatures (collateral kills)
  A steam dragon (D:7)
  A water moccasin (D:6)
  An orc warrior (D:7)
  2 centaurs
  A kobold brigand (D:7)
  A scorpion (D:7)
  A killer bee (D:7)
  A howler monkey (D:6)
  A jelly (D:6)
  2 orc priests (D:7)
  A bullfrog skeleton (D:7)
  A hound (D:7)
  An iguana (D:6)
  6 orc wizards (D:7)
  A howler monkey zombie (D:7)
  A howler monkey skeleton (D:7)
  A shadow imp (D:6)
  A white imp (D:7)
  An ufetubus (D:7)
  7 orcs
  A kobold (D:7)
34 creatures vanquished.

Vanquished Creatures (others)
  2 battlemagi
2 creatures vanquished.

Grand Total: 161 creatures vanquished

Notes
Turn   | Place    | Note
-------+----------+-------------------------------------------
     0 | D:1      | pkoi the Draconian Monk began the quest for the Orb.
     0 | D:1      | Reached XP level 1. HP: 19/19 MP: 1/1
    76 | D:1      | Found a faded altar of an unknown god.
   275 | D:1      | Found Xafoleog's Weapon Emporium.
   303 | D:1      | Reached XP level 2. HP: 20/26 MP: 2/2
   552 | D:1      | Reached skill level 4 in Unarmed Combat
   949 | D:2      | Reached XP level 3. HP: 18/31 MP: 3/3
  1352 | D:2      | Reached XP level 4. HP: 38/38 MP: 4/4
  1445 | D:2      | Reached skill level 5 in Unarmed Combat
  2209 | D:3      | Reached XP level 5. HP: 6/45 MP: 5/5
  2629 | D:3      | Reached skill level 6 in Unarmed Combat
  3395 | D:4      | Reached XP level 6. HP: 45/51 MP: 6/6
  3570 | D:4      | Reached skill level 7 in Unarmed Combat
  3797 | D:5      | Entered Level 5 of the Dungeon
  3984 | D:5      | Noticed a water moccasin
  3997 | D:5      | Reached skill level 8 in Unarmed Combat
  4007 | D:5      | Killed a water moccasin
  4008 | D:5      | Your scales start taking on a pale cyan-grey colour.
  4008 | D:5      | Reached XP level 7. HP: 37/57 MP: 7/7
  4008 | D:5      | Gained mutation: You are immune to the effects of steam.
                  | [Pale Draconian growth]
  4401 | D:5      | Noticed Ijyb
  4442 | D:4      | Reached skill level 9 in Unarmed Combat
  4570 | D:4      | Killed Ijyb
  4747 | D:5      | Found a staircase to the Ecumenical Temple.
  4755 | Temple   | Entered the Ecumenical Temple
  4867 | Temple   | Became a worshipper of Hepliaklqana the Forgotten
  4867 | Temple   | Reached * piety under Hepliaklqana
  4867 | Temple   | Reached ** piety under Hepliaklqana
  5151 | D:6      | Remembered your ancestor Hailey as a battlemage
  5173 | D:6      | Noticed Sigmund
  5179 | D:6      | Killed Sigmund
  5180 | D:6      | Reached skill level 10 in Unarmed Combat
  5180 | D:6      | Reached XP level 8. HP: 52/56 MP: 8/8
  5427 | D:6      | Reached skill level 1 in Spellcasting
  5427 | D:6      | Found an ornate altar of the Wu Jian Council.
  5476 | D:6      | Noticed Prince Ribbit
  5516 | D:6      | Killed Prince Ribbit
  5573 | D:6      | Reached skill level 5 in Fighting
  5573 | D:6      | Reached skill level 11 in Unarmed Combat
  5573 | D:6      | Reached XP level 9. HP: 39/66 MP: 13/13
  5773 | D:6      | Found a burning altar of Makhleb.
  5917 | D:6      | Noticed a balrug
  5920 | D:6      | Noticed a smoke demon
  5920 | D:6      | Noticed an orange demon
  6278 | D:7      | Noticed a two-headed ogre
  6337 | D:7      | HP: 2/66 [two-headed ogre/+0 giant spiked club (13)]
  6829 | D:7      | Reached skill level 12 in Unarmed Combat
  7351 | D:8      | Found a transporter.
  7353 | D:8      | Found a transporter.
  7378 | D:8      | HP: 1/70 [vampire mosquito (8)]
  7380 | D:7      | Slain by a vampire mosquito

Illustrated notes

Levels and vault maps discovered:
D:1:      minmay_arrival_shoal_huts, layout_loops_ring,
          ebering_ecumenical_altar_sacrificial, serial_shops, shop,
          corexii_item_surrounded_by_moat
D:2:      kennysheep_the_goblin_king, layout_basic
D:3:      layout_loops_cross, minmay_distorted
D:4:      layout_basic
D:5:      layout_loops_ring, minmay_temple_entry_crystal_x, uniq_ijyb
D:6:      layout_basic, mainiacjoe_overflow_cross_hatched,
          makhleb_altar_promises_db, uniq_prince_ribbit1, uniq_sigmund
D:7:      minmay_flawed_box, layout_basic
D:8:      layout_loops_cross, mainiacjoe_overflow_paths,
          erik_lair_orcish_takeover, serial_nicolae_subway,
          nicolae_sub_station_stone, nicolae_sub_station_crystal,
          nicolae_sub_station_metal
Temple:   compressed_dpeg_circular_temple

Skill      XL: |  1  2  3  4  5  6  7  8  9 |
---------------+----------------------------+-----
Unarmed Combat | 4 5 6 8 10 11 12 | 12.4
Spellcasting   | 2 4 |  4.5
Fighting       | 5 6 |  6.5
Dodging        | |  2.6
Stealth        | |  1.7

Action                   |  1- 3 |  4- 6 |  7- 9 || total
-------------------------+-------+-------+-------++-------
Melee: Unarmed           |   138 |   232 |    20 ||   390
       Tailslap          |    10 |    28 |    25 ||    63
       Punch             |     5 |     5 |    20 ||    30
       Whip              |       |       |   140 ||   140
Invok: Ancestor Life: Ba |       |       |     1 ||     1
       Ancestor Identity |       |       |     1 ||     1
       Recall Ancestor   |       |       |     1 ||     1
 Abil: Breathe Steam     |       |       |    15 ||    15
  Use: Potion            |       |       |     1 ||     1
 Stab: Sleeping          |     5 |     3 |     3 ||    11
       Distracted        |       |       |     3 ||     3
Armor: Skin              |    49 |    79 |    85 ||   213
Dodge: Dodged            |    90 |   155 |   124 ||   369
